 Dungeon Crawl Stone Soup version 0.28.0-53-g5a82cb258f (webtiles) character file.

Game seed: 10074851581934799022

28296 enile the Fighter (level 13, 0/124 HPs)
             Began as a Minotaur Wanderer on May 31, 2022.
             Was a Priest of Qazlal.
             Shot with an arrow by Nessos (4 damage)
             ... on level 4 of the Lair of Beasts.
             The game lasted 00:32:10 (23158 turns).

enile the Fighter (Minotaur Wanderer)              Turns: 23158, Time: 00:32:11

Health: 0/124      AC: 18    Str: 19    XL:     13   Next: 9%
Magic:  8/16       EV:  8    Int: 16    God:    Qazlal [***...]
Gold:   804        SH:  9    Dex: 12    Spells: 14/14 levels left

rFire   . . .      SeeInvis .   K - +2 morningstar (drain)
rCold   . . .      Faith    .   g - +1 buckler
rNeg    + . .      Spirit   .   S - +0 plate armour
rPois   +          Reflect  .   (helmet restricted)
rElec   .          Harm     .   n - +2 cloak
rCorr   .          Rampage  .   (no gloves)
Will    .....                   (no boots)
Stlth   ..........              (no amulet)
HPRegen 0.30/turn               E - ring of positive energy
MPRegen 0.15/turn               R - +6 ring of intelligence

@: invisible
A: horns 2, retaliatory headbutt, mutation resistance 1, poison resistance
a: Renounce Religion, Upheaval, Elemental Force


You were on level 4 of the Lair of Beasts.
You worshipped Qazlal.
Qazlal was most pleased with you.
You visited 3 branches of the dungeon, and saw 16 of its levels.
You also visited: Sewer and Ossuary.

You collected 804 gold pieces.

Inventory:

Hand Weapons
 a - a +2 mace
 c - a +0 dagger
 e - a +2 dagger of venom
 i - a +3 quarterstaff of chaos
 l - a +2 morningstar
 s - a +3 scythe of venom
 K - a +2 morningstar of draining (weapon)
Missiles
 b - 15 boomerangs
 C - 6 atropa-tipped darts (quivered)
 H - a curare-tipped dart
Armour
 d - a +0 leather armour
 g - a +1 buckler (worn)
 h - a +1 leather armour of willpower
 n - a +2 cloak (worn)
 t - the +3 leather armour "Kuvvunt" {rN+ Dex+4}
   (You found it on level 4 of the Dungeon)

   Dex:       It affects your dexterity (+4).
   rN:        It protects you from negative energy.
 D - the +2 leather armour of the Barracuda {+Inv rC++ rN+ rCorr}
   (You took it off a kobold on level 6 of the Dungeon)

   rC:        It greatly protects you from cold.
   rN:        It protects you from negative energy.
   +Inv:      It lets you turn invisible.
   rCorr:     It protects you from acid and corrosion.
 L - +1 acid dragon scales
 S - a +0 plate armour (worn)
Jewellery
 E - a ring of positive energy (left hand)
 P - a ring of positive energy
 R - a +6 ring of intelligence (right hand)
Wands
 f - a wand of flame (4)
 y - a wand of polymorph (9)
 B - a wand of charming (10)
Scrolls
 j - 4 scrolls of teleportation
 k - 3 scrolls of amnesia
 m - 3 scrolls of noise
 o - a scroll of summoning
 p - a scroll of blinking
 q - a scroll of magic mapping
 A - 4 scrolls of enchant weapon
 U - a scroll of holy word
 V - a scroll of silence
Potions
 r - 5 potions of curing
 u - 5 potions of lignification
 v - 3 potions of mutation
 w - 2 potions of haste
 x - 2 potions of invisibility
 z - 4 potions of resistance {unknown}
 F - a potion of might {unknown}
 I - a potion of magic {unknown}
 J - 2 potions of flight {unknown}
 T - 2 potions of berserk rage
Miscellaneous
 Q - a lightning rod (inert)


   Skills:
 - Level 14.0 Fighting
 + Level 10.6 Maces & Flails
 - Level 7.0 Throwing
 - Level 11.0 Armour
 - Level 8.0 Dodging
 - Level 3.0 Shields
 - Level 1.0 Spellcasting
 - Level 1.3 Ice Magic
 - Level 6.0 Invocations
 - Level 8.0 Evocations


You had 14 spell levels left.
You didn't know any spells.
Your spell library contained the following spells:

 Spells                   Type           Power      Damage    Failure   Level
 Freeze                   Ice            20%        1d4       97%         1
 Animate Skeleton         Necr           0%         N/A       99%         1
 Pain                     Necr           0%         1d4       99%         1
 Sublimation of Blood     Necr           0%         N/A       100%        2
 Call Canine Familiar     Summ           0%         N/A       100%        3
 Frozen Ramparts          Ice            10%        1d3       100%        3
 Gell's Gravitas          Tloc           0%         N/A       100%        3
 Lesser Beckoning         Tloc           0%         N/A       100%        3
 Portal Projectile        Hex/Tloc       0%         N/A       100%        3
 Teleport Other           Tloc           0%         N/A       100%        3
 Tukima's Dance           Hex            0%         N/A       100%        3
 Anguish                  Hex/Necr       0%         N/A       100%        4
 Animate Dead             Necr           0%         N/A       100%        4
 Dispel Undead            Necr           0%         3d6       100%        4
 Hailstorm                Conj/Ice       3%         3d3       100%        4
 Ice Form                 Ice/Tmut       3%         N/A       100%        4
 Leda's Liquefaction      Hex/Erth       0%         N/A       100%        4
 Summon Lightning Spire   Summ/Air       0%         N/A       100%        4
 Agony                    Necr           0%         N/A       100%        5
 Borgnjor's Vile Clutch   Necr/Erth      0%         N/A       100%        5
 Excruciating Wounds      Necr           0%         N/A       100%        5
 Fireball                 Conj/Fire      0%         3d3       100%        5
 Iskenderun's Battlesphe  Conj           0%         2d6       100%        5
 Conjure Ball Lightning   Conj/Air       0%         3x3d6     100%        6
 Simulacrum               Ice/Necr       1%         N/A       100%        6
 Enfeeble                 Hex            0%         N/A       100%        7
 Orb of Destruction       Conj           0%         9d5       100%        7
 Storm Form               Tmut/Air       0%         N/A       100%        7
 Maxwell's Capacitive Co  Air            0%         ∞         100%        8


Dungeon Overview and Level Annotations

Branches:
Dungeon (11/15)            Temple (1/1) D:5            Lair (4/6) D:9
 Shoals (0/4) Lair:4       Spider (0/4) Lair:2          Orc (0/2) D:9
  Sewer (visited)         Ossuary (visited)

Altars:
Ashenzari
Cheibriados
Dithmenos
Elyvilon
Fedhas
Gozag
Hepliaklqana
Kikubaaqudgha
Makhleb
Nemelex Xobeh
Qazlal
Ru
Trog
Uskayaw
Vehumet
Wu Jian
Xom
Yredelemnul
Zin
The Shining One
Beogh

Annotations:
Lair:1 2 transporters
Lair:3 Rupert
Lair:4 Nessos


Innate Abilities, Weirdness & Mutations

You have a pair of horns on your head.
You reflexively headbutt those who attack you in melee.
You are somewhat resistant to further mutation.
Your system is resistant to poisons. (rPois)


Message History

Nessos shoots an arrow.
The arrow hits you! The arrow burns you.
Aiming: Thunderbolt
Press: ? - help, Shift-Dir - straight line, f/p - Nessos
Aim: Nessos, wielding a +3 longbow of flaming, wearing a +2 barding and quivering arrows (severely wounded, fast)
The thunderbolt hits Nessos!
Nessos is severely wounded.
The lightning rod overheats!
You feel sick.
Nessos shoots an arrow.
The arrow hits you! The arrow burns you.
Nessos shoots an arrow.
The arrow hits you!
* * * LOW HITPOINT WARNING * * *
The arrow burns you.
* * * LOW HITPOINT WARNING * * *
Okay, then.
You feel better.
Nessos mumbles some strange words.
Nessos blinks!
Nessos shoots an arrow.
The arrow hits you.
* * * LOW HITPOINT WARNING * * *
The arrow burns you.
* * * LOW HITPOINT WARNING * * *
You fade into invisibility!
Nessos shoots an arrow.
You block the arrow.
Nessos shoots an arrow.
The arrow hits you.
* * * LOW HITPOINT WARNING * * *
The arrow burns you.
* * * LOW HITPOINT WARNING * * *
Nessos stands on their hind legs for a moment.
Nessos shoots an arrow.
The arrow hits you.
* * * LOW HITPOINT WARNING * * *
The arrow burns you.
* * * LOW HITPOINT WARNING * * *
Nessos shoots an arrow.
The arrow hits you!
* * * LOW HITPOINT WARNING * * *
The arrow burns you.
* * * LOW HITPOINT WARNING * * *
Nessos shoots an arrow.
You block the arrow.
You feel better.
Nessos shoots an arrow.
The arrow barely misses you.
Nessos shoots an arrow.
The arrow hits you!
* * * LOW HITPOINT WARNING * * *
The arrow burns you.
You die...

##....##............##...#
###
####.....#.........###...#
####............#........#
.#............^..........#
.#..#######..>.......##.##
....# ####....##.....#.##
..#####.##(..###...#####
...#.#.......##P..##.#
P........P###...@.#..##
#...P...######..☼§..#.#
...#....###.##........#
...###...#..#.........######
..##.##.........c.##.......#
...............P....#.....##
..#.#.###.###.#...........#
..##### ### ###.........###
..## ##......##.#


You could see Nessos (fast).

Vanquished Creatures
  2 catoblepae
  3 hydras
  2 two-headed ogres
  4 death yaks (Lair:1)
  A deep elf pyromancer (D:11)
  9 elephants
  An ugly thing (D:9)
  Joseph (D:7)
  3 merfolk sirens (Lair:4)
  2 black mambas
  6 cane toads
  3 rime drakes
  7 komodo dragons
  A kobold demonologist (D:6)
  2 hornets (D:9)
  A merfolk (Lair:4)
  2 trolls (D:11)
  4 blink frogs (Lair:2)
  A meliai zombie (D:7)
  The ghost of hawla the Firebug, an amateur DEFE (D:5)
  Sigmund (D:4)
  A shadow (D:11)
  2 wraiths
  2 wyverns (D:8)
  3 basilisks
  10 yaks
  3 vampire mosquitoes (D:10)
  2 redbacks (Lair:2)
  A two-headed ogre zombie (D:5)
  4 water moccasins
  3 orc warriors
  A sky beast (D:7)
  A black bear (D:7)
  3 wolves (Lair:2)
  An elf skeleton (D:5)
  2 ogres
  A tengu (D:7)
  A necrophage (D:6)
  3 centaurs
  2 elf zombies (Ossuary)
  10 kobold brigands
  A komodo dragon zombie (D:5)
  10 bullfrogs
  3 gnoll sergeants
  4 scorpions
  A water moccasin zombie (D:5)
  A cyclops zombie (D:8)
  A cyclops skeleton (D:6)
  2 water moccasin skeletons
  3 wights (D:10)
  A yak skeleton (D:6)
  3 human zombies
  A bullfrog zombie (D:5)
  7 centaur zombies
  2 gnoll shamans
  A black bear zombie (D:6)
  4 hounds
  A centaur skeleton (D:6)
  5 orc priests
  Crazy Yiuf (D:3)
  A bullfrog skeleton (D:5)
  2 iguanas
  9 orc wizards
  Ijyb (D:3)
  A killer bee zombie (D:6)
  A hound zombie (D:5)
  An acid dragon skeleton (D:7)
  A hound skeleton (D:6)
  2 mummies (Ossuary)
  A howler monkey skeleton (D:6)
  21 gnolls
  3 river rats (Sewer)
  12 adders
  An ufetubus (D:6)
  An iguana skeleton (D:7)
  An adder skeleton (D:5)
  An adder zombie (Ossuary)
  2 worms (Sewer)
  2 dart slugs (D:4)
  20 orcs
  5 ball pythons
  A bat zombie (Sewer)
  12 endoplasms
  6 giant cockroaches
  A gnoll zombie (D:5)
  5 goblins
  13 hobgoblins
  17 kobolds
  3 quokkas
  2 ball python zombies
  5 bats
  A dart slug zombie (D:5)
  4 frilled lizards
  A frilled lizard zombie (Sewer)
  3 goblin zombies
  13 hobgoblin zombies
  2 jackal zombies (Ossuary)
  3 kobold zombies (Ossuary)
  7 orc skeletons
  17 orc zombies
  A quokka zombie (Sewer)
  9 rats
  3 rat zombies
383 creatures vanquished.

Vanquished Creatures (collateral kills)
  Erica (D:9)
  An orc warrior (D:9)
  An orc priest (D:9)
  An orc (D:9)
4 creatures vanquished.

Vanquished Creatures (others)
  A cyclops (D:11)
  A basilisk (Lair:2)
  A centaur (D:9)
  18 fungi
  32 plants
53 creatures vanquished.

Grand Total: 440 creatures vanquished

Notes
Turn   | Place    | Note
-------+----------+-------------------------------------------
     0 | D:1      | enile the Minotaur Wanderer began the quest for the Orb.
     0 | D:1      | enile set off with the following items: a +2 mace, 9
                  | boomerangs, a +0 dagger, a +0 leather armour; and the
                  | following spell memorised: Freeze; and the following spells
                  | available to memorise: Frozen Ramparts
     0 | D:1      | Reached XP level 1. HP: 18/18 MP: 1/1
    96 | D:1      | Reached skill level 3 in Fighting
   197 | D:1      | Reached XP level 2. HP: 25/26 MP: 2/2
   509 | D:1      | Reached skill level 4 in Fighting
  1362 | D:2      | Reached XP level 3. HP: 31/34 MP: 3/3
  1532 | D:2      | Reached skill level 5 in Fighting
  1716 | D:2      | Reached skill level 1 in Shields
  1729 | D:2      | Reached XP level 4. HP: 26/42 MP: 4/4
  1877 | D:2      | Found an ancient bone altar of Kikubaaqudgha.
  2077 | D:2      | Found a faded altar of an unknown god.
  2135 | D:2      | Prayed at the altar of an unknown god.
  2135 | D:2      | Became a worshipper of Kikubaaqudgha
  2135 | D:2      | Reached * piety under Kikubaaqudgha
  2135 | D:2      | Received a gift from Kikubaaqudgha
  2316 | D:3      | Found a runed translucent door.
  2317 | D:3      | Noticed Crazy Yiuf
  3058 | D:3      | Noticed Ijyb
  3064 | D:3      | HP: 1/42 [Ijyb/puff of flame (5)]
  3068 | D:3      | Killed Ijyb
  3069 | D:3      | Reached XP level 5. HP: 24/48 MP: 5/5
  3330 | D:3      | Killed Crazy Yiuf
  3596 | D:4      | Noticed Sigmund
  3611 | D:4      | Killed Sigmund
  3612 | D:4      | Reached skill level 6 in Fighting
  3612 | D:4      | Reached XP level 6. HP: 45/58 MP: 6/6
  3732 | D:4      | Found a white marble altar of Elyvilon.
  3756 | D:4      | Identified the +3 leather armour "Kuvvunt" {rN+ Dex+4}
  3770 | D:4      | Noticed an orc warrior
  3787 | D:4      | Noticed an orc warrior
  3836 | D:4      | Found a sand-covered staircase.
  3846 | D:4      | Reached skill level 7 in Fighting
  3996 | Ossuary  | Entered an ossuary
  4027 | Ossuary  | Reached ** piety under Kikubaaqudgha
  4246 | Ossuary  | Reached skill level 8 in Fighting
  4246 | Ossuary  | Reached skill level 1 in Armour
  4246 | Ossuary  | Reached XP level 7. HP: 66/68 MP: 7/7
  4332 | Ossuary  | Reached *** piety under Kikubaaqudgha
  4332 | Ossuary  | Received a gift from Kikubaaqudgha
  4425 | D:4      | Reached skill level 5 in Armour
  4496 | D:5      | Entered Level 5 of the Dungeon
  4509 | D:5      | Found a staircase to the Ecumenical Temple.
  4528 | Temple   | Entered the Ecumenical Temple
  4613 | Temple   | Fell from the grace of Kikubaaqudgha
  4613 | Temple   | Became a worshipper of Qazlal Stormbringer
  4691 | D:5      | Reached XP level 8. HP: 70/74 MP: 8/8
  4735 | D:5      | Found a glowing drain.
  4749 | Sewer    | Entered a sewer
  5236 | Sewer    | Reached * piety under Qazlal
  5512 | Sewer    | Reached skill level 5 in Maces & Flails
  5740 | D:5      | Found a hazy altar of Hepliaklqana.
  6226 | D:6      | Reached skill level 5 in Dodging
  6432 | D:6      | Identified the +2 leather armour of the Barracuda {+Inv
                  | rC++ rN+ rCorr}
  6479 | D:6      | Found a radiant altar of Vehumet.
  6892 | D:6      | Found a runed translucent gate.
  6892 | D:6      | Found a runed translucent gate.
  6894 | D:6      | Found a runed translucent gate.
  6894 | D:6      | Noticed hawla's ghost (amateur DEFE)
  6894 | D:6      | Noticed a kobold demonologist
  7039 | D:6      | Reached ** piety under Qazlal
  7050 | D:6      | Reached XP level 9. HP: 65/81 MP: 9/9
  7159 | D:6      | Reached skill level 5 in Throwing
  7161 | D:6      | Found a basalt altar of Yredelemnul.
  7793 | D:6      | Killed a kobold demonologist
  8351 | D:5      | Killed hawla's ghost
  8905 | D:7      | Noticed Joseph
  8920 | D:7      | Killed Joseph
  8929 | D:7      | Reached skill level 9 in Fighting
  9002 | D:7      | Reached XP level 10. HP: 44/91 MP: 6/10
  9987 | D:7      | Noticed Maggie
  9991 | D:7      | Noticed Maggie
  9991 | D:7      | Maggie changed into Maggie the tengu
  9999 | D:7      | Killed Maggie the tengu
 10416 | D:8      | Reached skill level 10 in Fighting
 10577 | D:8      | Was forgiven by Kikubaaqudgha
 11988 | D:9      | Noticed a cyan ugly thing
 11991 | D:9      | Reached skill level 11 in Fighting
 11993 | D:9      | Noticed a two-headed ogre
 12172 | D:9      | Noticed Erica
 12173 | D:9      | Noticed an elephant
 12537 | D:9      | Found a snail-covered altar of Cheibriados.
 12998 | D:9      | Killed a cyan ugly thing
 13006 | D:9      | Reached skill level 1 in Evocations
 13057 | D:9      | Killed a two-headed ogre
 13195 | D:9      | Found a staircase to the Orcish Mines.
 13212 | D:9      | Killed Erica
 13218 | D:9      | Killed an elephant
 13219 | D:9      | Reached XP level 11. HP: 92/102 MP: 6/11
 13221 | D:9      | Reached skill level 5 in Evocations
 13591 | D:9      | Found a staircase to the Lair.
 13789 | D:10     | Entered Level 10 of the Dungeon
 13856 | D:10     | Noticed a two-headed ogre
 13864 | D:10     | Killed a two-headed ogre
 13876 | D:10     | Found an ornate altar of the Wu Jian Council.
 15306 | D:11     | Noticed a deep elf pyromancer
 15339 | D:11     | Killed a deep elf pyromancer
 15762 | Lair:1   | Entered Level 1 of the Lair of Beasts
 16120 | Lair:1   | Noticed a six-headed hydra
 16130 | Lair:1   | Killed a six-headed hydra
 16291 | Lair:1   | Found a transporter.
 16340 | Lair:1   | Found a transporter.
 16416 | Lair:1   | Reached skill level 1 in Invocations
 16886 | Lair:2   | Reached *** piety under Qazlal
 17297 | Lair:2   | Reached XP level 12. HP: 54/110 MP: 14/14
 17521 | Lair:2   | Found a hole to the Spider Nest.
 17636 | Lair:2   | Reached skill level 5 in Invocations
 17972 | Lair:2   | Noticed a death yak
 17972 | Lair:2   | Noticed a death yak
 17972 | Lair:2   | Noticed a death yak
 17972 | Lair:2   | Noticed a death yak
 18016 | Lair:1   | Killed a death yak
 18390 | Lair:1   | Killed a death yak
 18391 | Lair:1   | Reached skill level 10 in Armour
 18450 | Lair:1   | Killed a death yak
 18450 | Lair:1   | Killed a death yak
 19571 | Lair:3   | Reached skill level 12 in Fighting
 19991 | Lair:3   | Noticed a catoblepas
 20004 | Lair:3   | Killed a catoblepas
 20516 | Lair:4   | Noticed a six-headed hydra
 20526 | Lair:3   | Gained mutation: You are occasionally teleported next to
                  | monsters. [potion of mutation]
 20526 | Lair:3   | Gained mutation: You are partially covered in large bone
                  | plates. (SH +4) [potion of mutation]
 20527 | Lair:3   | Lost mutation: You are occasionally teleported next to
                  | monsters. [potion of mutation]
 20527 | Lair:3   | Lost mutation: You are partially covered in large bone
                  | plates. (SH +4) [potion of mutation]
 20527 | Lair:3   | Gained mutation: Your system is resistant to poisons.
                  | (rPois) [potion of mutation]
 20527 | Lair:3   | Gained mutation: You are somewhat resistant to further
                  | mutation. [potion of mutation]
 21174 | Lair:3   | Killed a six-headed hydra
 21175 | Lair:3   | Reached skill level 13 in Fighting
 21282 | Lair:4   | Noticed Rupert
 21772 | Lair:4   | Noticed a catoblepas
 21788 | Lair:4   | Killed a catoblepas
 21789 | Lair:4   | Reached skill level 14 in Fighting
 22028 | Lair:4   | Noticed Nessos
 22425 | Lair:4   | Found a staircase to the Shoals.
 22438 | Lair:4   | Reached XP level 13. HP: 84/124 MP: 16/16
 22601 | Lair:4   | Reached skill level 10 in Maces & Flails
 23157 | Lair:4   | HP: 6/124 [Nessos/arrow (5)]
 23158 | Lair:4   | Shot with an arrow by Nessos

Illustrated notes

Levels and vault maps discovered:
D:1:      dpeg_arrival_chambers_temple_mockup, layout_basic, roderic_lattice_a
D:2:      layout_loops_cross, shapermc_ecumenical_altar_petra, basic_altar
D:3:      layout_rooms, dk_noncrumbling_4, minivault_24,
          minmay_misc_feat_plants, hangedman_abyss_or_decor_stabs, uniq_ijyb,
          uniq_crazy_yiuf_cottage
D:4:      layout_rooms, mainiacjoe_overflow_concentric_impassable, serial_shops,
          nicolae_shop_bloodbath_and_beyond, nicolae_ossuary_entry_catacombs,
          minmay_splitting_lines, uniq_sigmund
D:5:      layout_loops_cross, nicolae_hepliaklqana_hippocampus,
          minmay_temple_entry_arrows, gup_sewer_entry_glass
D:6:      layout_loops_ring, mainiacjoe_overflow_brackets, fiery_altar_vehumet,
          gammafunk_ghost_nasty_kobolds
D:7:      layout_gridville, uniq_joseph, uniq_maggie
D:8:      layout_gridville
D:9:      layout_cave_pools, lemuel_crystal_altar, david_lair_generic,
          minmay_orc_entry_temple_small, library_closet,
          minmay_chambers_of_fives, uniq_erica
D:10:     layout_rooms, nzn_wu_jian_contemplation
D:11:     layout_roguey
Temple:   nicolae_temple_elliptical
Lair:1:   gammafunk_cloud_chamber, layout_chaotic_city, serial_forest,
          infiniplex_forest_clump_cross, infiniplex_forest_corner_2,
          infiniplex_forest_end_2, infiniplex_forest_clump_small,
          infiniplex_forest_lined_2, infiniplex_forest_clump_double,
          infiniplex_forest_join, columned_hall_lemuel
Lair:2:   layout_small_grid, spider_nest_entry_a
Lair:3:   layout_gridlike, st_stairs_13, chequers_serial_rivers_large_a,
          chequers_serial_rivers_small_a
Lair:4:   layout_misc_corridors, elwin_shoals_entry_stream, uniq_nessos,
          uniq_rupert

Skill      XL: |  1  2  3  4  5  6  7  8  9 10 11 12 13 |
---------------+----------------------------------------+-----
Fighting       | 3 4 5 6 8 9 11 14 | 14.0
Shields        | 1 3 |  3.0
Dodging        | 2 3 6 8 |  8.0
Armour         | 1 6 9 11 | 11.0
Maces & Flails | 3 6 9 10 | 10.6
Throwing       | 3 7 |  7.0
Evocations     | 4 8 |  8.0
Invocations    | 4 6 |  6.0
Spellcasting   | |  1.0
Ice Magic      | |  1.3

Action                   |  1- 3 |  4- 6 |  7- 9 | 10-12 | 13-15 || total
-------------------------+-------+-------+-------+-------+-------++-------
Melee: Dagger            |    64 |    79 |       |       |       ||   143
       Mace              |     5 |    80 |    47 |       |       ||   132
       Headbutt          |    10 |    33 |   100 |   121 |     2 ||   266
       Morningstar       |       |       |   383 |   570 |    17 ||   970
Throw: Throwing net      |       |       |     1 |     2 |       ||     3
       Boomerang         |       |       |    26 |     6 |       ||    32
       Dart              |       |       |     1 |     2 |     1 ||     4
Invok: Upheaval          |       |       |     3 |     6 |     3 ||    12
Evoke: Wand              |       |       |     9 |    37 |     5 ||    51
       Lightning rod     |       |       |       |     5 |     2 ||     7
  Use: Potion            |       |     4 |     3 |    10 |     3 ||    20
       Scroll            |       |     6 |     3 |    19 |     1 ||    29
 Stab: Sleeping          |       |     1 |       |       |       ||     1
       Distracted        |       |     1 |       |     1 |       ||     2
       Betrayed ally     |       |       |       |     1 |       ||     1
       Held in net/web   |       |       |       |     1 |       ||     1
Armor: Leather armour    |    15 |    34 |   154 |   141 |       ||   344
       Skin              |       |       |     6 |    44 |       ||    50
       Plate armour      |       |       |       |   133 |     9 ||   142
Dodge: Dodged            |    32 |    68 |   237 |   363 |     5 ||   705
Block: Buckler           |     4 |    24 |   114 |   316 |    15 ||   473
